 Dungeon Crawl Stone Soup version 0.30-a0-168-g0b976cbdc4 (webtiles) character file.

Game seed: 15411048007462113924

190 bande the Chopper (level 5, 0/33 HPs)
             Began as a Gargoyle Fighter on Sept 30, 2022.
             Slain by an orc priest
             ... wielding a +2 mace of protection
              (4 damage)
             ... on level 3 of the Dungeon.
             The game lasted 00:04:58 (2395 turns).

bande the Chopper (Gargoyle Fighter)                Turns: 2395, Time: 00:04:59

Health: 0/33       AC: 12    Str: 20    XL:     5   Next: 69%
Magic:  5/5        EV:  9    Int:  8    God:
Gold:   97         SH:  5    Dex: 11    Spells: 4/4 levels left

rFire   . . .      SeeInvis .    a - +0 war axe
rCold   . . .      Faith    .    c - +1 buckler
rNeg    + . .      Spirit   .    b - +0 scale mail
rPois   ∞          Reflect  .    (no helmet)
rElec   +          Harm     .    i - +0 cloak
rCorr   .          Rampage  .    (no gloves)
Will    .....                    (no boots)
Stlth   ..........               (no amulet)
HPRegen 0.11/turn                (no ring)
MPRegen 0.09/turn                (no ring)

@: no status effects
A: sickness immunity, AC +4, negative energy resistance 1, electricity
resistance, torment resistance 1, petrification resistance
a: no special abilities


You were on level 3 of the Dungeon.
You visited 1 branch of the dungeon, and saw 3 of its levels.

You collected 111 gold pieces.
You spent 14 gold pieces at shops.

Inventory:

Hand Weapons
 a - a +0 war axe (weapon)
Armour
 b - a +0 scale mail (worn)
 c - a +1 buckler (worn)
 i - a +0 cloak (worn)
Scrolls
 f - 2 scrolls of identify
 g - a scroll of fear
Potions
 d - a potion of might
 e - 2 potions of heal wounds
 h - a potion of invisibility {unknown}
 j - a potion of curing {unknown}


   Skills:
 + Level 4.0 Fighting
 + Level 4.1 Axes
 + Level 3.9 Armour
 - Level 0.2 Stealth
 + Level 3.9 Shields


You had 4 spell levels left.
You didn't know any spells.
Your spell library contained the following spells:

 Spells                   Type           Power      Damage    Failure   Level
 Freeze                   Ice            0%         1d3       85%         1
 Summon Small Mammal      Summ           0%         N/A       85%         1
 Wereblood                Tmut           0%         N/A       94%         2
 Call Canine Familiar     Summ           0%         N/A       99%         3
 Frozen Ramparts          Ice            0%         1d1       99%         3
 Hailstorm                Conj/Ice       0%         3d3       99%         3
 Portal Projectile        Hex/Tloc       0%         N/A       99%         3
 Summon Guardian Golem    Hex/Summ       0%         N/A       99%         3
 Leda's Liquefaction      Hex/Erth       0%         N/A       100%        4
 Summon Hydra             Summ           0%         N/A       100%        7
 Sublimation of Blood     Necr           Unusable   N/A       N/A         2

Dungeon Overview and Level Annotations

Branches:
Dungeon (3/15)

Altars:
Trog

Shops:
D:1 ((*[!   D:2 *


Innate Abilities, Weirdness & Mutations

You are immune to sickness and miasma.
Your stone body is resilient. (AC +4)
You are immune to poison.
You resist negative energy. (rN+)
You are resistant to electric shocks. (rElec)
You are resistant to unholy torment.
You are immune to petrification.


Message History

The orc priest hits you with a +2 mace of protection.
The bat barely misses you.
Things that are here:
a +0 dagger; a +0 ring mail You block the bat's attack.
The orc priest hits you but does no damage.
Unknown command.
The orc priest invokes the aid of Beogh against you.
Beogh smites you! The bat hits you but does no damage.
Things that are here:
a +0 dagger; a +0 ring mail The bat hits you but does no damage.
You block the orc priest's attack.
The orc priest hits you with a +2 mace of protection.
* * * LOW HITPOINT WARNING * * *
The bat completely misses you.
Things that are here:
a +0 dagger; a +0 ring mail You hit the orc priest but do no damage.
You miss the bat. The bat barely misses you. The orc priest closely misses you.
The orc priest hits you with a +2 mace of protection.
* * * LOW HITPOINT WARNING * * *
You hit the orc priest but do no damage.
The bat hits you but does no damage. x2; You block the orc priest's attack.
You hit the orc priest.
The orc priest is moderately wounded.
You slash the bat!
You kill the bat!
The orc priest hits you but does no damage.
You slash the orc priest!
The orc priest is almost dead.
The orc priest hits you with a +2 mace of protection.
* * * LOW HITPOINT WARNING * * *
The orc priest hits you but does no damage.
You hit the orc priest but do no damage.
The orc priest is almost dead.
The orc priest hits you but does no damage.
You barely miss the orc priest.
The orc priest is almost dead.
The orc priest hits you with a +2 mace of protection.
You die... #. ........ ~~ .~~ ...... ≈~~ ~~.###....###.~~ ~~~#......#~~~ ~~........~ ~. ~~~ #......# ~oo

~~.###)..o###.~~
~~≈~#....@.#~≈~~
~~≈≈....))..~~~P..
~~≈~#......#≈~P.##
~~. ##....###~..P.
~ #......# ...## #
#......###### #
#....#..#.......
###
#....#....#...#.
..#
#....#.####...#


You could see an orc priest.

Vanquished Creatures
  A phantom (D:3)
  4 adders
  A worm (D:1)
  A dart slug (D:2)
  3 orcs (D:3)
  4 bats
  6 endoplasms
  3 giant cockroaches
  8 goblins
  6 hobgoblins
  4 jackals (D:1)
  3 quokkas
  8 ball pythons
  3 frilled lizards
  8 kobolds
  9 rats
72 creatures vanquished.

Notes
Turn   | Place    | Note
-------+----------+-------------------------------------------
     0 | D:1      | bande the Gargoyle Fighter began the quest for the Orb.
     0 | D:1      | Reached XP level 1. HP: 14/14 MP: 1/1
    86 | D:1      | Found Mijatile's Weapon Emporium.
   133 | D:1      | Found Fopn's Antique Weapon Boutique.
   259 | D:1      | Reached XP level 2. HP: 17/19 MP: 2/2
   427 | D:1      | Reached XP level 3. HP: 10/23 MP: 3/3
   835 | D:1      | Found Cah Veup's Assorted Antiques.
   836 | D:1      | Found Dothruuxi's Armour Shoppe.
   912 | D:1      | Found Jafas's Distillery.
  1063 | D:1      | Bought a potion of degeneration for 14 gold pieces
  1178 | D:2      | Found Jize's General Store.
  1501 | D:2      | Reached XP level 4. HP: 29/29 MP: 4/4
  1936 | D:2      | Found a faded altar of an unknown god.
  2009 | D:2      | Found a bloodstained altar of Trog.
  2165 | D:3      | Noticed a phantom
  2176 | D:3      | Killed a phantom
  2177 | D:3      | Reached XP level 5. HP: 33/33 MP: 5/5
  2395 | D:3      | Slain by an orc priest

Illustrated notes

Levels and vault maps discovered:
D:1:      saegor_arrival_simple_a, layout_basic, serial_shops, shop_fountains,
          nicolae_square_shop, shop, nicolae_shop_advertising_works
          [nicolae_subvault_shop_adworks], shop
D:2:      layout_basic, basic_altar, shapermc_ecumenical_altar_petra,
          serial_shops, nicolae_shop_temple_entry_statues_fountains,
          kennysheep_generic_room_11
D:3:      wad_lake_hut, layout_basic, chei_slow_surprise

Skill      XL: |  1  2  3  4  5 |
---------------+----------------+-----
Axes           | 2 3 4 |  4.1
Fighting       | 4 |  4.0
Armour         | |  3.9
Stealth        | |  0.2
Shields        | |  3.9

Action                   |  1- 3 |  4- 6 || total
-------------------------+-------+-------++-------
Melee: War axe           |   107 |    80 ||   187
  Use: Scroll            |     2 |     5 ||     7
Armor: Scale mail        |    65 |    61 ||   126
Dodge: Dodged            |    69 |    40 ||   109
Block: Buckler           |    22 |    28 ||    50

Table legend: (Time is in decaauts)
 A = Elapsed time spent in this place.
 B = Non-inter-level travel time spent in this place.
 C = Inter-level travel time spent in this place.
 D = Time resting spent in this place.
 E = Time spent auto-exploring this place.
 F = Levels seen in this place.
 G = Mean time per level.
                   A        B        C        D        E       F      G
               +--------+--------+--------+--------+--------+-----+--------+
         Total |   2473 |   2473 |      0 |    431 |   1460 |   3 |  824.3 |
       Dungeon |   2473 |   2473 |      0 |    431 |   1460 |   3 |  824.3 |
               +--------+--------+--------+--------+--------+-----+--------+

Top non-repeatable levels by time:
     D:1: 1512 daAuts
     D:2: 693 daAuts
     D:3: 267 daAuts
